 Dungeon Crawl Stone Soup version 0.23.0-3-gf3c87f2 (webtiles) character file.

Game seed: 1001596896550203361

384 LegateLanius the Ruffian (level 6, 0/91 HPs)
             Began as a Troll Berserker on Feb 24, 2019.
             Was a Believer of Trog.
             Slain by a gnoll
             ... wielding a +0 spear
              (7 damage)
             ... on level 6 of the Dungeon.
             The game lasted 00:08:49 (2060 turns).

LegateLanius the Ruffian (Troll Berserker)          Turns: 2060, Time: 00:08:49

Health: 0/91       AC:  6    Str: 32    XL:     6   Next: 47%
Magic:  5/5        EV: 11    Int:  3    God:    Trog [**....]
Gold:   171        SH:  0    Dex: 10    Spells: 5/5 levels left

rFire    . . .     SeeInvis .     - Unarmed
rCold    . . .     Gourm    +   (no shield)
rNeg     . . .     Faith    .   a - +0 animal skin
rPois    .         Spirit   .   (helmet restricted)
rElec    .         Reflect  .   (no cloak)
rCorr    .         Harm     .   (gloves unavailable)
MR       .....                  (boots unavailable)
Stlth    ..........             (no amulet)
HPRegen  0.65/turn              (no ring)
MPRegen  0.09/turn              (no ring)

@: berserking, very quick
A: large, unfitting armour, claws 3, fast metabolism 3, gourmand, regeneration
1, shaggy fur 1, tough skin 3
a: Berserk, Trog's Hand, Renounce Religion


You were on level 6 of the Dungeon.
You worshipped Trog.
Trog was pleased with you.
You were very full.

You visited 1 branch of the dungeon, and saw 4 of its levels.

You collected 171 gold pieces.

Inventory:

Armour
 a - a +0 animal skin (worn)
Wands
 m - a wand of acid (12)
 n - a wand of enslavement (7)
Scrolls
 c - 2 scrolls of magic mapping {unknown}
 d - a scroll of enchant armour {unknown}
 e - 10 scrolls of identify {unknown}
 f - 2 scrolls of teleportation {unknown}
 g - 2 scrolls of amnesia {unknown}
 i - 4 scrolls of remove curse {unknown}
 o - a scroll of random uselessness {unknown}
 p - a scroll of noise {unknown}
Potions
 h - a potion of lignification {unknown}
 j - a potion of heal wounds {unknown}
 k - a potion of flight {unknown}
 l - a potion of curing {unknown}
Comestibles
 b - 6 rations
 q - a chunk of flesh


   Skills:
 + Level 3.1 Fighting
 + Level 4.2 Dodging
 + Level 0.5 Stealth
 + Level 5.3 Unarmed Combat


You had 5 spell levels left.
You didn't know any spells.
Your spell library was empty.

Dungeon Overview and Level Annotations

Branches:
Dungeon (3/15)

Altars:
Gozag
Qazlal


Innate Abilities, Weirdness & Mutations

You are too large for most types of armour.
You have claws for hands.
Your metabolism is lightning-fast.
You like to eat raw meat.
Your natural rate of healing is unusually fast.
You are covered in fur. (AC +1)
You have extremely tough skin. (AC +3)


Message History

A red film seems to cover your vision as you go berserk!
You feel yourself moving faster!
You feel mighty! The adder bites you.
* * * LOW HITPOINT WARNING * * *
The ice beast barely misses you. The gnoll closely misses you. x2
The adder barely misses you.
You are too berserk!
You scratch the ice beast.
You kill the ice beast!
Trog accepts your kill.
Your Unarmed Combat skill increases to level 5!
You claw the gnoll!
You kill the gnoll!
Trog accepts your kill. The adder bites you.
* * * LOW HITPOINT WARNING * * *
The gnoll hits you from afar with a +0 spear.
* * * LOW HITPOINT WARNING * * *
The adder bites you but does no damage.
The gnoll hits you from afar with a +0 spear!
You die...

... . ........#.....
##.##( ..........(..
#..#.. ..
..........#.####.....
... ............##......
....#.......#..........#
....#......##...#.......
........................
.....g.@S?...#....#.....
..<..g).........# #.....
.....g......#.# # #.....
...##......###..####....
.. #.....## ##.#.##....
. #.#....###........#.
####...#.......####.
#......#.##..# #.
#...##.####..## #.


You could see 3 gnolls and an adder.

Vanquished Creatures
  An ice beast (D:6)
  A crimson imp (D:6)
  A jelly (D:6)
  Natasha (thrice) (D:2)
  5 adders
  4 gnolls
  A shadow imp (D:6)
  An ooze (D:2)
  2 dart slugs (D:2)
  A leopard gecko (D:2)
  2 orcs
  A giant cockroach (D:1)
  7 goblins
  7 hobgoblins
  3 jackals (D:2)
  A ball python (D:2)
  5 bats
  3 frilled lizards
  6 kobolds
  3 rats (D:2)
58 creatures vanquished.

Notes
Turn   | Place    | Note
-------+----------+-------------------------------------------
     0 | D:1      | LegateLanius the Troll Berserker began the quest for the
                  | Orb.
     0 | D:1      | Reached XP level 1. HP: 22/22 MP: 0/0
   666 | D:2      | Reached XP level 2. HP: 29/29 MP: 1/1
   795 | D:2      | Reached XP level 3. HP: 35/36 MP: 2/2
   801 | D:2      | Noticed Natasha
   827 | D:2      | Killed Natasha
   827 | D:2      | Reached XP level 4. HP: 43/44 MP: 3/3
   938 | D:2      | Noticed Natasha
   950 | D:2      | Killed Natasha
   950 | D:2      | Reached skill level 4 in Unarmed Combat
   955 | D:2      | Reached ** piety under Trog
   963 | D:2      | Reached XP level 5. HP: 15/52 MP: 4/4
   979 | D:2      | Found an opulent altar of Gozag.
  1321 | D:2      | Noticed Natasha
  1325 | D:2      | Killed Natasha
  1961 | D:3      | You fall through a shaft for 3 floors!
  1975 | D:6      | Found a stormy altar of Qazlal.
  2025 | D:6      | Reached XP level 6. HP: 44/61 MP: 5/5
  2048 | D:6      | Noticed an ice beast
  2058 | D:6      | Killed an ice beast
  2058 | D:6      | Reached skill level 5 in Unarmed Combat
  2060 | D:6      | Slain by a gnoll

Skill      XL: |  1  2  3  4  5  6 |
---------------+-------------------+-----
Dodging        | 3 4 |  4.2
Unarmed Combat | 4 5 |  5.3
Fighting       | 3 |  3.1
Stealth        | |  0.5

Action                   |  1- 3 |  4- 6 || total
-------------------------+-------+-------++-------
Melee: Unarmed           |    48 |   110 ||   158
       Punch             |       |     1 ||     1
Invok: Berserk           |     1 |     1 ||     2
 Stab: Sleeping          |       |     1 ||     1
  Eat: Chunk             |     2 |    20 ||    22
       Ration            |     1 |       ||     1
Armor: Animal skin       |    27 |    40 ||    67
Dodge: Dodged            |    45 |    73 ||   118
